 Dungeon Crawl Stone Soup version 0.29-a0-334-gb41bcbb86e (webtiles) character file.

Game seed: 5409339596615956633

318469 Shard1697 the Slayer (level 22, -3/170 (178) HPs)
             Began as a Djinni Fighter on Apr 15, 2022.
             Was the Champion of Ru.
             Slain by a rockslime (27 damage)
             ... created by the Royal Jelly
             ... on level 5 of the Pits of Slime.
             The game lasted 01:24:37 (54687 turns).

Shard1697 the Slayer (Djinni Fighter)              Turns: 54687, Time: 01:24:37

HP:   -3/170 (178)  AC: 25    Str: 27    XL:     22   Next: 40%
Gold: 3444          EV:  8    Int: 12    God:    Ru [******] SH: 21 Dex: 12

rFire   + + +      SeeInvis .   a - +6 eveningstar (vamp)
rCold   + + .      Faith    .   L - +2 kite shield {reflect}
rNeg    + . .      Spirit   .   K - +4 plate armour {rC+}
rPois   ∞          Reflect  +   l - +2 helmet
rElec   .          Harm     .   o - +2 cloak {rC+}
rCorr   +          Rampage  .   E - +2 pair of gloves of the Endless Expanse {Will+ Slay+3}
Will    ++++.                   (boots unavailable)
Stlth   ..........              f - amulet of reflection
HPRegen 0.38/turn               s - ring "Saklafith" {+Blink rN+ AC+4 Str+4 Dex-2}
MPRegen 0.00/turn               G - ring "Zuenku" {rF+ rC+ Will+ rCorr Slay+2}

@: mighty, exhausted, about to teleport, corroded, flying, hasted, studying
Short Blades, lightly drained, unable to drink, very quick
A: sickness immunity, fire resistance 2, cold vulnerability 1, inability to
drink while threatened, no stealth, inability to use devices, hated by all,
inability to train dodging, float, innate caster, HP casting, extra vitality 1
}: 2/15 runes: serpentine, barnacled
a: Renounce Religion, Draw Out Power, Power Leap, Apocalypse


You were on level 5 of the Pits of Slime.
You worshipped Ru.
Ru was exalted by your worship.
You visited 8 branches of the dungeon, and saw 40 of its levels.
You visited the Abyss 1 time.
You also visited: Ossuary and Ice Cave.

You collected 5026 gold pieces.
You spent 1582 gold pieces at shops.

Inventory:

Hand Weapons
 a - a +6 vampiric eveningstar (weapon)
 b - a +0 vampiric broad axe
 C - a +9 morningstar of freezing
Missiles
 q - 4 throwing nets (quivered)
Armour
 l - a +2 helmet (worn)
 o - a +2 cloak of cold resistance (worn)
 E - the +2 pair of gloves of the Endless Expanse (worn) {Will+ Slay+3}
   (You found it on level 9 of the Dungeon)

   Slay:      It affects your accuracy & damage with ranged weapons and melee
   (+3).
   Will:      It increases your willpower.
 K - a +4 plate armour of cold resistance (worn)
 L - a +2 kite shield of reflection (worn)
 N - a +0 tower shield of protection
Jewellery
 f - an amulet of reflection (around neck)
 i - the ring "Mialudgh" {Wiz Slay+3 SInv}
   (You found it on level 15 of the Dungeon)

   [ring of wizardry]

   It improves your spell success rate.
   Slay:      It affects your accuracy & damage with ranged weapons and melee
   (+3).
   SInv:      It lets you see invisible.
 s - the ring "Saklafith" (left hand) {+Blink rN+ AC+4 Str+4 Dex-2}
   (You acquired it on level 2 of the Lair of Beasts)

   [ring of protection]

   AC:        It affects your AC (+4).
   Str:       It affects your strength (+4).
   Dex:       It affects your dexterity (-2).
   rN:        It protects you from negative energy.
   +Blink:    It lets you blink.
 v - the ring "Samomeg" {rPois rF++ Slay+4}
   (You found it on level 15 of the Dungeon)

   [ring of slaying]

   Slay:      It affects your accuracy & damage with ranged weapons and melee
   (+4).
   rF:        It greatly protects you from fire.
   rPois:     It protects you from poison.
 G - the ring "Zuenku" (right hand) {rF+ rC+ Will+ rCorr Slay+2}
   (You found it on level 15 of the Dungeon)

   [ring of protection from fire]

   Slay:      It affects your accuracy & damage with ranged weapons and melee
   (+2).
   rF:        It protects you from fire.
   rC:        It protects you from cold.
   rCorr:     It protects you from acid and corrosion.
   Will:      It increases your willpower.
 H - a +4 ring of evasion
 J - the ring of Nouhaeg {rC+++ MP+9 Int-3 Dex+7}
   (You found it on level 15 of the Dungeon)

   [ring of magical power]

   Int:       It affects your intelligence (-3).
   Dex:       It affects your dexterity (+7).
   rC:        It renders you almost immune to cold.
   MP:        It affects your magic capacity (+9).
Scrolls
 e - 6 scrolls of fog
 k - 2 scrolls of magic mapping
 u - 9 scrolls of teleportation
 y - 3 scrolls of holy word
 B - 6 scrolls of blinking
 D - 19 scrolls of identify
 F - a scroll of brand weapon
 I - 4 scrolls of fear
 M - a scroll of silence
Potions
 c - 8 potions of lignification
 d - 8 potions of might
 g - 14 potions of curing
 h - 7 potions of heal wounds
 j - 8 potions of cancellation
 m - 4 potions of invisibility
 n - 6 potions of brilliance
 p - 6 potions of resistance
 r - 9 potions of attraction
 t - 3 potions of haste
 w - 2 potions of berserk rage
 x - 7 potions of ambrosia
 z - 8 potions of flight
 A - 8 potions of mutation


   Skills:
 + Level 21.2 Fighting
 + Level 19.0 Maces & Flails
 + Level 17.2 Armour
 + Level 18.8 Shields


You couldn't memorise any spells.
You knew the following spells:

 Your Spells              Type           Power      Damage    Failure   Level
a - Pain                  Necr           0%         1d4       95%         1
b - Corpse Rot            Necr/Air       0%         N/A       99%         2
c - Vampiric Draining     Necr           0%         2d6       100%        3
d - Petrify               Tmut/Erth      0%         N/A       100%        4
e - Fireball              Conj/Fire      0%         3d3       100%        5
f - Borgnjor's Vile Clut  Necr/Erth      0%         N/A       100%        5
g - Conjure Ball Lightni  Conj/Air       0%         3x3d6     100%        6
h - Orb of Destruction    Conj           0%         9d5       100%        7
i - Statue Form           Tmut/Erth      0%         N/A       100%        6
j - Ignition              Fire           0%         3d3       100%        8
Your spell library was empty.


Dungeon Overview and Level Annotations

Branches:
Dungeon (15/15)            Temple (1/1) D:4            Lair (6/6) D:8
 Shoals (4/4) Lair:2        Snake (4/4) Lair:2        Slime (5/5) Lair:5
    Orc (2/2) D:11            Elf (3/3) Orc:2        Vaults (0/5) D:13
 Depths (0/4) D:15        Ossuary (visited)           IceCv (visited)

Altars:
Ashenzari
Cheibriados
Dithmenos
Elyvilon
Fedhas
Gozag
Hepliaklqana
Kikubaaqudgha
Makhleb
Nemelex Xobeh
Okawaru
Qazlal
Ru
Sif Muna
Trog
Uskayaw
Vehumet
Wu Jian
Xom
Yredelemnul
Zin
The Shining One
Beogh
Jiyva

Shops:
D:1 !   D:8 (   D:10 =   Orc:1 (   Orc:2 ((((   Snake:1 *   Snake:3 *

Portals:
Trove: Elf:2 (give +3 storm dragon scales)

Annotations:
D:13 1 runed translucent door
D:14 2 transporters
D:15 2 transporters
Shoals:4 1 runed translucent door
Slime:5 Royal Jelly
Elf:1 Zenata


Innate Abilities, Weirdness & Mutations

You are immune to sickness and miasma.
You are immune to poison.
Your flesh is very heat resistant. (rF++)
You are vulnerable to cold. (rC-)
You sometimes lose the ability to drink potions when taking damage.
You cannot be stealthy.
You cannot study or use magical devices.
You are hated by all.
You cannot train Dodging skill.
You float through the air rather than walking.
You learn spells naturally, not from books.
Your magical power is your life essence.
You have superior vitality. (+4 MHP)


Message History

The acid blob is lightly wounded.
Two slime creatures merge to form a large slime creature.
The acid blob hits you!
You are splashed with acid.
You resist.
You bludgeon the acid blob!!
Your hands burn!
The acid blob is moderately wounded.
You block the rockslime's attack.
The azure jelly hits you but does no damage. x2
The azure jelly barely misses you. You block the azure jelly's attack.
As you read the scroll of teleportation, it crumbles to dust.
You feel strangely unstable. You block the acid blob's attack.
The rockslime is stunned by your conviction and fails to attack.
You impale the acid blob!!
Your hands burn!
The acid blob is severely wounded.
You block the azure jelly's attack. x2; The azure jelly hits you.
The azure jelly hits you!
* * * LOW HITPOINT WARNING * * *
The acid blob hits you!!
* * * LOW HITPOINT WARNING * * *
You are splashed with acid.
You resist.
* * * LOW HITPOINT WARNING * * *
You focus your inner power and illuminate the acid blob in retribution!
You are restored by drawing out deep reserves of power within.
You feel drained. The rockslime hits you!!
* * * LOW HITPOINT WARNING * * *
You hold your ground!
The azure jelly hits you.
* * * LOW HITPOINT WARNING * * *
The azure jelly freezes you. You resist.
* * * LOW HITPOINT WARNING * * *
You focus your inner power and illuminate the azure jelly in retribution!
You block the azure jelly's attack. x2; The azure jelly barely misses you.
A large slime creature splits.
You cannot drink potions in your current state!
You sock the acid blob!
You feel better.
Your hands burn!
* * * LOW HITPOINT WARNING * * *
The acid blob is severely wounded.
The acid blob spits acid at you. The splash of acid hits you! You resist.
* * * LOW HITPOINT WARNING * * *
The rockslime hits you!!
You die...

.......................
.......................
.......................
.......................
.......................
...........####.#####.
..........## #JJ#
.........## ##J#
........## #J@#
.......##$)φ)?#J##:=)}!#
...... ?[))##JJ##$:$=#
..... #$(#:##J#}#??## ..
######JJ######
..#...JJJJ.#..
#...#.._.#...#.
######..######


You could see the Royal Jelly, 4 acid blobs, 2 azure jellies, 4 slime creatures,
2 rockslimes and a quicksilver ooze.

Vanquished Creatures
  A dread lich (Abyss:3)
  Vashnia (Snake:3)
  A bone dragon (Abyss:3)
  Rupert (D:13)
  A hellephant (Abyss:3)
  Jorgrun (D:13)
  2 deep elf blademasters
  2 deep elf master archers (Elf:3)
  5 acid blobs
  4 tentacled starspawn (Abyss:3)
  Kirke (D:13)
  3 azure jellies
  Ilsuiw (Shoals:2)
  17 nagarajas
  Donald (Orc:2)
  6 rockslimes
  A fire giant (D:15)
  An orc warlord (Orc:2)
  4 deep elf sorcerers (Elf:3)
  A draconian scorcher (Abyss:3)
  A caustic shrike zombie (Abyss:3)
  A frost giant (D:15)
  3 deep elf elementalists
  2 stone giants (D:15)
  3 quicksilver oozes
  A very ugly thing (D:15)
  The ghost of Jekitz the Severer, a journeyman MiBe of Trog (D:14)
  11 deep elf annihilators
  4 deep elf demonologists (Elf:3)
  A yellow draconian (Abyss:3)
  6 deep elf death magi (Elf:3)
  3 merfolk impalers (Shoals:4)
  2 deep elf high priests (Elf:3)
  A fire dragon (Lair:6)
  7 merfolk javelineers
  A yaktaur captain (D:15)
  Erolcha (Orc:2)
  15 naga warriors
  12 vault guards
  4 great orbs of eyes
  The ghost of zazu2006 the Covert, a journeyman NaWz of Vehumet (D:10)
  8 hydras
  3 salamander tyrants
  5 two-headed ogres
  A rakshasa (D:14)
  The ghost of Psyclone the Fighter, a journeyman OpIE of Gozag (D:10)
  2 ogre magi (D:15)
  5 merfolk avatars
  11 anacondas
  5 boulder beetles
  An alligator snapping turtle (Shoals:4)
  The ghost of Antichthon the Skirmisher, a novice NaWr of Cheibriados (D:10)
  A death knight (D:15)
  22 centaur warriors
  6 death yaks (Lair:2)
  26 dancing weapons
  4 tengu warriors
  5 merfolk aquamancers
  The ghost of spaghetti the Protected, a novice NaBe of Trog (D:10)
  3 satyrs (Shoals:4)
  4 thrashing horrors (Abyss:3)
  5 orc high priests (Orc:2)
  The ghost of stormannn the Thaumaturge, a journeyman DEAE of Vehumet (D:10)
  24 naga sharpshooters
  11 shock serpents
  15 deep elf knights
  A fire crab (Lair:6)
  2 wretched stars (Abyss:3)
  3 salamander mystics (Snake:4)
  A death drake (shapeshifter) (D:14)
  An orb spider (Abyss:3)
  10 sea snakes
  11 deep elf archers
  7 orc knights
  A wizard (D:15)
  A lindwurm (Lair:6)
  5 harpies (Shoals:3)
  14 mana vipers
  12 naga ritualists
  A necromancer (IceCv)
  A bunyip skeleton (Abyss:3)
  Pikel (D:7)
  34 deep elf pyromancers
  An oklob plant (Lair:6)
  20 fauns
  A shining eye (Slime:4)
  17 deep elf zephyrmancers
  An orc sorcerer (Orc:2)
  11 cyclopes
  6 salamanders (Snake:4)
  13 manticores
  3 merfolk sirens
  A worldbinder (Abyss:3)
  15 ugly things
  15 elephants
  7 guardian serpents
  A naga zombie (Abyss:3)
  11 naga magi
  A smoke demon (Abyss:3)
  A guardian serpent (shapeshifter) (D:15)
  A torpor snail (Lair:6)
  2 water nymphs
  7 molten gargoyles
  60 black mambas
  14 cane toads
  An ice statue (IceCv)
  3 gargoyles
  An eye of devastation (Slime:1)
  10 komodo dragons
  An orange demon (Abyss:3)
  A rime drake (Lair:6)
  A hellion (Abyss:3)
  4 freezing wraiths
  2 kobold demonologists (D:11)
  A tengu conjurer (D:15)
  A rime drake (shapeshifter) (D:15)
  A hellwing (Abyss:3)
  14 ice devils (IceCv)
  3 efreet
  2 entropy weaver simulacra (IceCv)
  3 polar bears
  4 meliai
  8 trolls
  28 merfolk
  4 wind drakes
  A wind drake (shapeshifter) (D:15)
  A hornet (D:8)
  33 slime creatures
  7 raiju (Abyss:3)
  11 snapping turtles
  6 large abominations (Abyss:3)
  20 blink frogs
  11 dream sheep
  2 air elementals
  A jumping spider (shapeshifter) (Abyss:3)
  3 shadows
  A vampire (D:8)
  16 water elementals
  6 basilisks
  A yak (shapeshifter) (Abyss:3)
  11 wyverns
  3 dire elephant simulacra (IceCv)
  3 humans (D:13)
  3 hogs (D:13)
  3 death yak simulacra (IceCv)
  5 ynoxinuls (Abyss:3)
  3 fire bats (Elf:2)
  54 yaks
  2 steam dragons (Lair:6)
  A wraith (D:12)
  2 fire elementals
  6 golden eyes
  7 vampire mosquitoes
  Grum (D:9)
  A neqoxec (Abyss:3)
  A chaos spawn (Abyss:3)
  7 wargs
  A harpy simulacrum (IceCv)
  48 nagas
  3 hell hounds (Lair:6)
  22 water moccasins
  3 acid dragons
  A swamp drake (Orc:2)
  2 floating eyes (D:15)
  3 ice beasts
  4 sky beasts
  3 black bears
  39 orc warriors
  A boggart (D:14)
  15 wolves
  23 centaurs
  An ogre (Orc:2)
  2 phantoms
  4 kobold brigands
  2 necrophages
  19 bullfrogs
  3 scorpions
  2 earth elementals
  4 cane toad simulacra (IceCv)
  2 small abominations (Abyss:3)
  18 wights
  7 elephant simulacra (IceCv)
  10 killer bees
  3 electric eels (D:9)
  4 howler monkeys
  A crimson imp (Orc:2)
  A human zombie (Ossuary)
  6 lava snakes
  2 quasits (Abyss:3)
  8 starcursed masses (Abyss:3)
  2 hounds (D:5)
  Crazy Yiuf (D:3)
  2 jellies
  25 orc priests
  An iron imp (Orc:2)
  A gnoll shaman (D:7)
  Jessica (D:2)
  4 iguanas
  19 orc wizards
  Natasha (twice) (D:2)
  4 polar bear simulacra (IceCv)
  5 hell rats (Lair:3)
  3 spriggan simulacra (IceCv)
  A troll simulacrum (IceCv)
  2 wolf simulacra (IceCv)
  A hound zombie (Ossuary)
  4 mummies (Ossuary)
  Robin (D:1)
  2 gnolls (D:7)
  5 adders
  2 shadow imps
  4 white imps
  2 ufetubi
  5 dart slugs
  66 orcs
  7 bats
  6 endoplasms
  A giant cockroach (D:2)
  11 goblins
  11 hobgoblins
  5 jackals
  21 kobolds
  5 quokkas
  8 ball pythons
  6 frilled lizards
  A gnoll zombie (Ossuary)
  2 goblin zombies (Ossuary)
  2 hobgoblin zombies (Ossuary)
  A jackal zombie (Ossuary)
  A kobold zombie (Ossuary)
  3 orc zombies (Ossuary)
  4 rats
  A starspawn tentacle (Abyss:3)
1476 creatures vanquished.

Vanquished Creatures (others)
  A boulder beetle (D:14)
  A satyr (Shoals:4)
  A two-headed ogre (Orc:2)
  A hydra (D:14)
  A deep elf zephyrmancer (Elf:2)
  A large abomination (Abyss:3)
  A deep elf pyromancer (Elf:2)
  A manticore (Shoals:4)
  A cyclops (D:15)
  A merfolk siren (Shoals:1)
  A faun (Shoals:4)
  A black mamba (Snake:1)
  A yaktaur (D:15)
  2 merfolk (Shoals:1)
  A slime creature (Slime:5)
  2 blink frogs (Lair:6)
  2 basilisks
  A yak (Lair:1)
  A naga (Snake:4)
  5 orc priests (Orc:2)
  An orc wizard (Orc:2)
  A gnoll (D:7)
  2 orcs (Orc:2)
  2 kobolds
  A bush (Lair:2)
  67 fungi
  262 plants
  17 starspawn tentacles (Abyss:3)
380 creatures vanquished.

Grand Total: 1856 creatures vanquished

Notes
Turn   | Place    | Note
-------+----------+-------------------------------------------
     0 | D:1      | Shard1697 the Djinni Fighter began the quest for the Orb.
     0 | D:1      | Reached XP level 1. HP: 20/20 MP: 0/0
   246 | D:1      | Reached XP level 2. HP: 22/25 MP: 0/0
   794 | D:1      | Found Kiest's Distillery.
   819 | D:1      | Found a faded altar of an unknown god.
   827 | D:1      | Reached XP level 3. HP: 30/30 MP: 0/0
   827 | D:1      | Learned a level 1 spell: Pain
  1206 | D:2      | Noticed Robin
  1218 | D:1      | Killed Robin
  1428 | D:1      | Reached XP level 4. HP: 25/35 MP: 0/0
  1646 | D:2      | Noticed Jessica
  1657 | D:2      | Killed Jessica
  1805 | D:2      | Reached XP level 5. HP: 40/40 MP: 0/0
  1805 | D:2      | Learned a level 2 spell: Corpse Rot
  2010 | D:2      | Noticed Natasha
  2021 | D:2      | Killed Natasha
  2071 | D:2      | Noticed Natasha
  2080 | D:2      | Killed Natasha
  2515 | D:3      | Reached XP level 6. HP: 41/46 MP: 0/0
  2655 | D:3      | Found a runed translucent door.
  2656 | D:3      | Noticed Crazy Yiuf
  2798 | D:4      | Found a staircase to the Ecumenical Temple.
  2810 | D:4      | Reached skill level 5 in Maces & Flails
  2814 | Temple   | Entered the Ecumenical Temple
  3092 | Temple   | Became a worshipper of Ru the Awakened
  3665 | D:4      | Reached XP level 7. HP: 42/51 MP: 0/0
  3665 | D:4      | Learned a level 3 spell: Vampiric Draining
  3863 | D:5      | Entered Level 5 of the Dungeon
  3968 | D:5      | Reached skill level 4 in Fighting
  4261 | D:5      | Noticed a water moccasin
  4283 | D:5      | Killed a water moccasin
  4284 | D:5      | Reached XP level 8. HP: 48/58 MP: 0/0
  4433 | D:5      | Gained mutation: You cannot train Dodging skill. [Ru
                  | sacrifice]
  4433 | D:5      | Reached * piety under Ru
  4632 | D:5      | Reached skill level 5 in Fighting
  4790 | D:6      | Found a hide-covered altar of Uskayaw.
  5197 | D:1      | Bought a potion of heal wounds for 50 gold pieces
  5197 | D:1      | Bought a potion of haste for 100 gold pieces
  5504 | D:3      | Killed Crazy Yiuf
  5638 | D:4      | Found a burning altar of Makhleb.
  5717 | D:6      | Reached XP level 9. HP: 47/66 MP: 0/0
  5717 | D:6      | Learned a level 4 spell: Petrify
  5736 | D:6      | Reached skill level 6 in Fighting
  5742 | D:6      | HP: 3/99 [wight/+0 dire flail (4)]
  6415 | D:7      | Found a sand-covered staircase.
  6432 | Ossuary  | Entered an ossuary
  7290 | D:7      | Reached skill level 7 in Fighting
  7837 | D:8      | Noticed Pikel
  7865 | D:7      | Killed Pikel
  7866 | D:7      | Reached XP level 10. HP: 75/75 MP: 0/0
  7904 | D:8      | Reached skill level 5 in Shields
  8317 | D:8      | Reached skill level 10 in Maces & Flails
  8323 | D:8      | Found a staircase to the Lair.
  8334 | D:8      | Gained mutation: You are hated by all. [Ru sacrifice]
  8334 | D:8      | Reached ** piety under Ru
  8334 | D:8      | Reached *** piety under Ru
  8628 | D:8      | Reached skill level 8 in Fighting
  9330 | D:7      | Reached XP level 11. HP: 59/82 MP: 0/0
  9330 | D:7      | Learned a level 5 spell: Fireball
  9615 | D:8      | Found Faqish's Antique Weapon Shop.
  9618 | D:8      | Bought a runed morningstar for 217 gold pieces
  9661 | D:9      | Identified the +6 hunting sling of the Durable God {flame,
                  | Str+4}
 10026 | D:9      | Noticed Grum
 10450 | D:9      | Killed Grum
 10472 | D:8      | Reached skill level 9 in Fighting
 11157 | D:9      | Identified the +2 pair of gloves of the Endless Expanse
                  | {Will+ Slay+3}
 11216 | D:10     | Entered Level 10 of the Dungeon
 11216 | D:10     | Noticed a two-headed ogre
 11226 | D:9      | Killed a two-headed ogre
 11632 | D:10     | Found Gusov's Jewellery Boutique.
 11896 | D:10     | Found a runed translucent gate.
 11896 | D:10     | Found a runed translucent gate.
 11896 | D:10     | Found a runed translucent gate.
 11897 | D:10     | Noticed Antichthon's ghost (novice NaWr)
 11897 | D:10     | Noticed zazu2006's ghost (journeyman NaWz)
 11898 | D:10     | Noticed Psyclone's ghost (journeyman OpIE)
 11898 | D:10     | Noticed stormannn's ghost (journeyman DEAE)
 11898 | D:10     | Noticed spaghetti's ghost (novice NaBe)
 12259 | D:10     | Gained mutation: You sometimes lose the ability to drink
                  | potions when taking damage. [Ru sacrifice]
 12259 | D:10     | Reached **** piety under Ru
 12431 | D:11     | Noticed a red ugly thing
 12446 | D:11     | Killed a red ugly thing
 12697 | D:11     | Found a staircase to the Orcish Mines.
 12764 | D:11     | Reached XP level 12. HP: 91/91 MP: 0/0
 12781 | D:11     | Reached skill level 10 in Fighting
 13092 | D:11     | Noticed a two-headed ogre
 13092 | D:11     | Noticed a two-headed ogre
 13111 | D:11     | Killed a two-headed ogre
 13119 | D:11     | Killed a two-headed ogre
 13296 | D:11     | Noticed a two-headed ogre
 13310 | D:11     | Killed a two-headed ogre
 13647 | Lair:1   | Entered Level 1 of the Lair of Beasts
 13880 | Lair:1   | Found a frozen archway.
 13910 | IceCv    | Entered an ice cave
 15277 | IceCv    | Reached skill level 5 in Armour
 15692 | IceCv    | Reached XP level 13. HP: 62/98 MP: 0/0
 15692 | IceCv    | Learned a level 5 spell: Borgnjor's Vile Clutch
 16128 | IceCv    | Reached skill level 11 in Fighting
 16425 | IceCv    | Gained mutation: You cannot study or use magical devices.
                  | [Ru sacrifice]
 16425 | IceCv    | Reached ***** piety under Ru
 16883 | Lair:1   | Noticed an eight-headed hydra
 16913 | Lair:1   | Killed an eight-headed hydra
 17889 | Lair:2   | Noticed a four-headed hydra
 17898 | Lair:2   | Killed a four-headed hydra
 18086 | Lair:2   | Reached XP level 14. HP: 87/103 MP: 0/0
 18339 | Lair:2   | Found a staircase to the Snake Pit.
 18589 | Lair:2   | Reached skill level 12 in Fighting
 18601 | Lair:2   | Found a staircase to the Shoals.
 18718 | Lair:2   | Identified a scroll of acquirement
 18719 | Lair:2   | Acquired a manual of Fighting
 18820 | Lair:2   | Acquired the ring "Saklafith" {+Blink rN+ AC+4 Str+4 Dex-2}
 19229 | Lair:3   | Gained mutation: You cannot be stealthy. [Ru sacrifice]
 19229 | Lair:3   | Reached ****** piety under Ru
 20182 | Lair:4   | Reached skill level 13 in Fighting
 20687 | Lair:4   | Reached skill level 15 in Maces & Flails
 21356 | Lair:5   | Reached skill level 14 in Fighting
 21638 | Lair:5   | Found a staircase to the Slime Pits.
 22314 | Lair:6   | Entered Level 6 of the Lair of Beasts
 22340 | Lair:6   | Reached XP level 15. HP: 110/118 MP: 0/0
 22340 | Lair:6   | Learned a level 6 spell: Conjure Ball Lightning
 22446 | Lair:6   | Reached skill level 15 in Fighting
 22860 | Lair:6   | Found a large runed translucent door.
 22863 | Lair:6   | Found a large runed translucent door.
 23073 | Lair:6   | Reached skill level 16 in Fighting
 23758 | Lair:6   | Found a broken altar of Ashenzari.
 24444 | D:10     | Killed zazu2006's ghost
 24464 | D:10     | Killed Psyclone's ghost
 24482 | D:10     | Killed spaghetti's ghost
 24491 | D:10     | Killed stormannn's ghost
 24504 | D:10     | Killed Antichthon's ghost
 24595 | D:12     | Reached skill level 17 in Fighting
 25352 | D:13     | Noticed a tengu reaver
 25354 | D:13     | Found a runed translucent door.
 25354 | D:13     | Noticed a storm dragon
 25358 | D:13     | Noticed Jorgrun
 25376 | D:13     | Killed Jorgrun
 25778 | D:13     | Noticed Rupert
 25798 | D:13     | Killed Rupert
 26264 | D:13     | Found a gate to the Vaults.
 26278 | D:13     | Reached skill level 18 in Fighting
 26291 | D:13     | Reached XP level 16. HP: 87/132 MP: 0/0
 26304 | D:13     | Reached skill level 10 in Shields
 26418 | D:13     | Noticed Kirke
 26437 | D:13     | Killed Kirke
 27263 | D:14     | Found a runed translucent gate.
 27263 | D:14     | Found a runed translucent gate.
 27263 | D:14     | Found a runed translucent gate.
 27265 | D:14     | Noticed Jekitz's ghost (journeyman MiBe)
 27660 | D:14     | Found a transporter.
 27666 | D:14     | Found a transporter.
 27790 | D:14     | Killed Jekitz's ghost
 28011 | D:14     | Identified the +7 long sword of the Arena {elec, Contam
                  | rC+++ Str+7}
 28118 | D:15     | Entered Level 15 of the Dungeon
 28179 | D:15     | Found a shimmering altar of Xom.
 28180 | D:15     | Noticed a fire giant
 28188 | D:15     | Killed a fire giant
 28676 | D:15     | Identified the +2 trident of Instinct {spect, rN+}
 28714 | D:15     | Identified the +2 pair of boots of the Sun {rC+}
 28762 | D:15     | Paralysed by a floating eye for 2 turns
 28813 | D:15     | Reached XP level 17. HP: 136/139 MP: 0/0
 28813 | D:15     | Learned a level 7 spell: Orb of Destruction
 28855 | D:15     | Identified the +3 leather armour of Sif Muna's Supremacy
                  | {rF- Str+10}
 28859 | D:15     | Identified the ring of Nouhaeg {rC+++ MP+9 Int-3 Dex+7}
 28966 | D:15     | Found a staircase to the Depths.
 29245 | D:15     | Identified the ring "Mialudgh" {Wiz Slay+3 SInv}
 29301 | D:15     | Identified the ring "Zuenku" {rF+ rC+ Will+ rCorr Slay+2}
 29343 | D:15     | Found a transporter.
 29477 | D:15     | Reached skill level 15 in Shields
 29538 | D:15     | Found a transporter.
 29542 | D:15     | Identified the ring "Samomeg" {rPois rF++ Slay+4}
 29745 | D:15     | Found a snail-covered altar of Cheibriados.
 29826 | D:15     | Acquired 850 gold pieces
 29956 | D:15     | Found a broken altar of Ashenzari.
 30085 | Orc:1    | Entered Level 1 of the Orcish Mines
 30091 | Orc:1    | Found Zapofeblee's Weapon Shop.
 30149 | Orc:1    | Found a bloodstained altar of Trog.
 30297 | Orc:2    | Entered Level 2 of the Orcish Mines
 30374 | Orc:2    | Found a staircase to the Elven Halls.
 31842 | Orc:2    | Noticed Erolcha
 31850 | Orc:2    | Killed Erolcha
 32979 | Orc:2    | Noticed Donald
 33245 | Orc:2    | Reached skill level 10 in Armour
 33246 | Orc:2    | Identified the +0 hat of Indemnity {Fly Str-2 Dex+3}
 33368 | Orc:2    | Killed Donald
 33646 | Orc:2    | Found Ankuifesk's Weapon Shop.
 33646 | Orc:2    | Found Ynnutoc's Weapon Shop.
 33647 | Orc:2    | Found Otzak's Antique Weapon Shop.
 33647 | Orc:2    | Found Reocotuz's Antique Weapon Boutique.
 33656 | Orc:2    | Bought a +0 vampiric broad axe for 168 gold pieces
 33836 | Elf:1    | Entered Level 1 of the Elven Halls
 33860 | Elf:1    | Reached XP level 18. HP: 128/145 MP: 0/0
 34072 | Elf:1    | Noticed Zenata
 34227 | Elf:1    | Paralysed by an air elemental for 1 turns
 35810 | Elf:2    | Found a runed translucent gate.
 35810 | Elf:2    | Found a runed translucent gate.
 35813 | Elf:2    | Found a runed translucent gate.
 35824 | Elf:2    | Reached skill level 19 in Fighting
 36305 | Elf:2    | Paralysed by an air elemental for 1 turns
 36309 | Elf:2    | Paralysed by an air elemental for 1 turns
 36313 | Elf:2    | Paralysed by an air elemental for 1 turns
 36569 | Elf:2    | Found a portal to a secret trove of treasure.
 37802 | Elf:3    | Entered Level 3 of the Elven Halls
 37863 | Elf:3    | Noticed a deep elf blademaster
 37904 | Elf:2    | Killed a deep elf blademaster
 38142 | Elf:3    | Reached XP level 19. HP: 127/154 MP: 0/0
 38142 | Elf:3    | Learned a level 6 spell: Statue Form
 38625 | Elf:3    | Identified the +5 chain mail "Emanoph" {Regen+}
 38817 | Elf:3    | Noticed an Ice Fiend
 38862 | Elf:3    | Identified the +10 lajatang "Leahyav" {vorpal, Int+4}
 39699 | Elf:3    | Noticed a deep elf blademaster
 39711 | Elf:3    | Killed a deep elf blademaster
 40921 | Elf:3    | Identified the +5 dagger of Neanis {antimagic, rC+}
 41592 | Snake:1  | Entered Level 1 of the Snake Pit
 41709 | Snake:1  | Found Fabeaho's Assorted Antiques.
 41715 | Snake:1  | Bought a scroll of enchant weapon for 270 gold pieces
 41715 | Snake:1  | Bought a distressingly furry scale mail for 324 gold pieces
 41715 | Snake:1  | Identified the +1 scale mail of Untold Secrets {Int+5} (You
                  | bought it in a shop on level 1 of the Snake Pit)
 41715 | Snake:1  | Bought a scroll of teleportation for 108 gold pieces
 42104 | Snake:1  | You are sucked into a shaft and drop 1 floor!
 43213 | Snake:2  | Reached XP level 20. HP: 70/162 MP: 0/0
 45035 | Snake:3  | Found Egaovi's Specific Store.
 45035 | Snake:3  | Found Aludele's General Store.
 45035 | Snake:3  | Noticed Vashnia
 45053 | Snake:3  | Reached skill level 15 in Armour
 45059 | Snake:3  | Killed Vashnia
 45210 | Snake:3  | Bought 3 scrolls of blinking for 225 gold pieces
 45210 | Snake:3  | Bought a scroll of identify for 20 gold pieces
 45210 | Snake:3  | Bought a scroll of identify for 20 gold pieces
 45220 | Snake:3  | Bought a potion of heal wounds for 80 gold pieces
 45760 | Snake:4  | Entered Level 4 of the Snake Pit
 45766 | Snake:4  | Reached skill level 20 in Fighting
 46549 | Snake:4  | Identified the +12 quick blade "Qotaatin" {protect, Fragile
                  | rElec rF+ MP+9}
 47188 | Snake:4  | Reached XP level 21. HP: 145/169 MP: 0/0
 47188 | Snake:4  | Learned a level 8 spell: Ignition
 48243 | Snake:4  | Got a serpentine rune of Zot
 48410 | Shoals:1 | Entered Level 1 of the Shoals
 49701 | Shoals:2 | Noticed Ilsuiw
 49750 | Shoals:2 | Killed Ilsuiw
 51276 | Shoals:4 | Entered Level 4 of the Shoals
 51400 | Shoals:4 | Cast into level 3 of the Abyss (merfolk impaler)
 51608 | Abyss:3  | Found a corrupted altar of Lugonu.
 51642 | Abyss:3  | Noticed a bone dragon
 51651 | Abyss:3  | Killed a bone dragon
 51677 | Abyss:3  | Noticed a dread lich
 51696 | Abyss:3  | Killed a dread lich
 51804 | Abyss:3  | Found a corrupted altar of Lugonu.
 52248 | Abyss:3  | Paralysed by accursed screaming for 1 turns
 52267 | Abyss:3  | Paralysed by accursed screaming for 1 turns
 52268 | Shoals:4 | Escaped the Abyss
 53306 | Shoals:4 | Reached skill level 21 in Fighting
 53414 | Shoals:4 | Reached XP level 22. HP: 163/164 MP: 0/0
 53415 | Shoals:4 | Got a barnacled rune of Zot
 53526 | Shoals:4 | Found a runed translucent door.
 53816 | Shoals:4 | Identified the ring of Suspicion {Fire Fly Will+ SInv}
 54174 | Slime:1  | Entered Level 1 of the Pits of Slime
 54399 | Slime:5  | Entered Level 5 of the Pits of Slime
 54633 | Slime:5  | Noticed the Royal Jelly
 54687 | Slime:5  | Slain by a rockslime

Illustrated notes

Levels and vault maps discovered:
D:1:      heliophobic_arrival_battle_scene, layout_loops_ring,
          basic_ecumenical_altar, serial_shops, shop
D:2:      layout_basic, minmay_hexomino_f4, uniq_jessica, uniq_robin,
          uniq_natasha
D:3:      layout_basic, minmay_misc_feat_hallway, kennysheep_generic_room_2,
          uniq_crazy_yiuf_cottage
D:4:      minmay_skewed_foursquare, layout_rooms, mainiacjoe_overflow_big_doors,
          minmay_temple_entry_stoned_glass
D:5:      layout_rooms, corexii_corridor_pit
D:6:      layout_basic, mainiacjoe_overflow_catwalk
D:7:      layout_basic, enter_ossuary_5, hangedman_decor_points,
          minmay_starry_boxes
D:8:      layout_basic, due_lair_maze_entry_diamond, serial_shops,
          kennysheep_mini_moat, uniq_pikel
D:9:      layout_rooms, kennysheep_dice, uniq_grum
D:10:     layout_loops_ring, mainiacjoe_overflow_cross_hatched,
          gammafunk_ghost_cemetery, serial_shops, nicolae_shop_crystal
D:11:     layout_irregular_city, serial_bayou_pond_d, wad_rectangle_vault
D:12:     layout_small_grid
D:13:     layout_cave_pods, erik_vaults_2, kennysheep_treasure_room, uniq_kirke,
          uniq_rupert, uniq_jorgrun
D:14:     gammafunk_boulding_lane, layout_rooms, gammafunk_ghost_hydra_chop,
          minmay_the_grid_square_5x5_3x3_mashed
          [minmay_the_grid_square_5x5_shrine1,
          minmay_the_grid_square_5x5_percent, minmay_the_grid_square_5x5_bridge,
          minmay_the_grid_square_5x5_half_checkered,
          minmay_the_grid_square_5x5_megaprize_checkered,
          minmay_the_grid_square_5x5_sharp_hourglass,
          minmay_the_grid_square_5x5_empty, minmay_the_grid_square_5x5_lines,
          minmay_the_grid_square_5x5_checkered]
D:15:     hangedman_spin_cycle
Temple:   dpeg_five_rooms_temple
Lair:1:   layout_cave_pods, portal_ice_cave_entry_pillars_2
Lair:2:   layout_small_grid, elwin_shoals_entry_rooms,
          minmay_snake_entry_six_corridors, beast_lair_carwin_6
Lair:3:   layout_regular_city
Lair:4:   layout_small_grid, beast_lair_carwin_5
Lair:5:   layout_long_grid, dpeg_slime_entry_corner, minivault_26
Lair:6:   cheibrodos_lair_end_hotspot, layout_cave_pods,
          chequers_serial_rivers_micro_c, lemuel_centaur_altar
Shoals:1: layout_shoals, nicolae_shoals_flooded_hall
Shoals:2: layout_shoals, uniq_ilsuiw
Shoals:3: layout_shoals
Shoals:4: shoals_end_grunt_garden, layout_shoals, shoal_ilsuiw, lightli_airlock
Snake:1:  layout_chambers, serial_shops, shop
Snake:2:  layout_chambers, evilmike_ambush [evilmike_ambush_outer_basic,
          evilmike_ambush_inner_basic], grunt_megastairs_1
Snake:3:  layout_cave_town, nicolae_specific_store, uniq_vashnia
Snake:4:  grunt_snake_rune_spirals, layout_onion_interference,
          grunt_ministairs_6, lemuel_fruit_tree
Slime:1:  layout_caves
Slime:2:  layout_caves
Slime:3:  layout_caves
Slime:4:  layout_caves, cheibrodos_slime_lost_civilization_7
Slime:5
Orc:1:    layout_caves, basic_altar, serial_shops, nicolae_square_shop,
          nicolae_orc_lava_tube, nooodl_orcs_dogs
Orc:2:    st_orc_pillars, layout_caves, basic_altar, hangedman_minor_magic,
          uniq_erolcha, uniq_donald
Elf:1:    eino_elf_arrival_customs, layout_rooms, serial_sigils,
          serial_sigils_hangedman_leer, serial_sigils_hangedman_scar,
          serial_sigils_hangedman_clutch, serial_sigils_hangedman_snap,
          serial_sigils_hangedman_etch, minmay_elf_annihilation, uniq_zenata
Elf:2:    elven_hall_of_blades_hangedman_original [mumra_blade_entry_bloodbath],
          layout_gridlike, trove_entry_hex_spiral, drop_trap,
          serial_sigils_hangedman_scratch, ebering_dispersal_statue_hall,
          minivault_8
Elf:3:    grunt_elf_hall_spiral, layout_gridlike

Skill      XL: |  1  2  3  4  5  6  7  8  9 10 11 12 13 14 15 16 17 18 19 20 21 22 |
---------------+-------------------------------------------------------------------+-----
Maces & Flails | 2 3 4 5 6 7 9 10 12 13 14 15 16 17 18 19 | 19.0
Fighting       | 4 5 7 8 9 10 11 14 18 19 20 21 | 21.2
Shields        | 4 6 7 8 9 13 15 16 17 18 | 18.8
Armour         | 5 7 8 10 11 13 15 16 17 | 17.2

Action                   |  1- 3 |  4- 6 |  7- 9 | 10-12 | 13-15 | 16-18 | 19-21 | 22-24 || total
-------------------------+-------+-------+-------+-------+-------+-------+-------+-------++-------
Melee: Flail             |    98 |   176 |   457 |   782 |    84 |       |       |       ||  1597
       Morningstar       |       |       |       |       |   835 |  1138 |  1474 |       ||  3447
       War axe           |       |       |       |       |       |    15 |       |       ||    15
       Broad axe         |       |       |       |       |       |       |    39 |     8 ||    47
       Eveningstar       |       |       |       |       |       |       |    13 |   277 ||   290
Invok: Sacrifice Nimblen |       |       |     1 |       |       |       |       |       ||     1
       Sacrifice Love    |       |       |       |     1 |       |       |       |       ||     1
       Sacrifice Drink   |       |       |       |     1 |       |       |       |       ||     1
       Draw Out Power    |       |       |       |     5 |     5 |     7 |     4 |     1 ||    22
       Power Leap        |       |       |       |       |     3 |       |       |       ||     3
       Sacrifice Artific |       |       |       |       |     1 |       |       |       ||     1
       Sacrifice Stealth |       |       |       |       |     1 |       |       |       ||     1
       Apocalypse        |       |       |       |       |       |       |     5 |       ||     5
Evoke: Wand              |       |       |       |    12 |     1 |       |       |       ||    13
  Use: Potion            |       |     2 |     6 |     4 |       |       |     1 |     2 ||    15
       Scroll            |       |     5 |    13 |    10 |    12 |     5 |     4 |     2 ||    51
 Stab: Invisible         |       |       |     1 |     6 |     4 |     6 |     9 |     1 ||    27
       Held in net/web   |       |       |       |     1 |       |       |       |       ||     1
       Distracted        |       |       |       |     1 |     3 |     7 |     8 |       ||    19
       Paralysed         |       |       |       |       |     2 |     7 |     9 |       ||    18
       Petrifying        |       |       |       |       |     2 |       |       |       ||     2
Armor: Scale mail        |    38 |    72 |    78 |       |       |       |       |       ||   188
       Plate armour      |       |       |    83 |   318 |   401 |   430 |   515 |   141 ||  1888
       Skin              |       |       |    21 |       |       |       |       |       ||    21
Dodge: Dodged            |    43 |    49 |   103 |   126 |   124 |   154 |   188 |    45 ||   832
Block: Buckler           |    47 |    77 |   227 |   294 |   334 |    47 |       |       ||  1026
       Reflection        |     1 |     2 |     1 |     9 |    14 |    53 |   189 |    17 ||   286
       Kite shield       |       |       |       |       |       |   699 |  1190 |   234 ||  2123
       Tower shield      |       |       |       |       |       |       |    12 |       ||    12

Table legend: (Time is in decaauts)
 A = Elapsed time spent in this place.
 B = Non-inter-level travel time spent in this place.
 C = Inter-level travel time spent in this place.
 D = Time resting spent in this place.
 E = Time spent auto-exploring this place.
 F = Levels seen in this place.
 G = Mean time per level.
                   A        B        C        D        E       F      G
               +--------+--------+--------+--------+--------+-----+--------+
         Total |  53805 |  51513 |   2292 |  14560 |  25460 |  43 | 1251.3 |
       Dungeon |  18811 |  17864 |    947 |   5097 |   8836 |  15 | 1254.1 |
        Temple |    311 |    225 |     86 |      0 |    211 |   1 |  311.0 |
          Lair |   8051 |   7554 |    497 |    758 |   5557 |   6 | 1341.8 |
        Shoals |   4680 |   4514 |    166 |   1027 |   2540 |   4 | 1170.0 |
     Snake Pit |   6632 |   6418 |    214 |   1365 |   3659 |   4 | 1658.0 |
    Slime Pits |    453 |    453 |      0 |    165 |      0 |   5 |   90.6 |
  Orcish Mines |   3722 |   3580 |    142 |   1554 |   1288 |   2 | 1861.0 |
   Elven Halls |   7456 |   7219 |    237 |   2986 |   2974 |   3 | 2485.3 |
         Abyss |    811 |    811 |      0 |      4 |      0 |   1 |  811.0 |
       Ossuary |    266 |    266 |      0 |     64 |     74 |   1 |  266.0 |
      Ice Cave |   2607 |   2607 |      0 |   1538 |    321 |   1 | 2607.0 |
               +--------+--------+--------+--------+--------+-----+--------+

Top non-repeatable levels by time:
   Elf:3: 3117 daAuts
   IceCv: 2607 daAuts
   Elf:2: 2559 daAuts
   Orc:2: 2394 daAuts
 Snake:4: 2211 daAuts
     D:8: 1947 daAuts
     D:7: 1858 daAuts
  Lair:6: 1846 daAuts
    D:15: 1831 daAuts
   Elf:1: 1780 daAuts
 Snake:1: 1743 daAuts
Shoals:3: 1603 daAuts
    D:13: 1538 daAuts
     D:1: 1530 daAuts
 Snake:2: 1509 daAuts
